 Dungeon Crawl Stone Soup version 0.30-a0-339-g89bb51ec76 (webtiles) character file.

Game seed: 6122420014551130533

9672 koil the Fighter (level 11, -8/105 (117) HPs)
             Began as an Ogre Cinder Acolyte on Nov 1, 2022.
             Was a High Priest of Ignis.
             Mangled by a gargoyle
             ... wielding a +0 morningstar
              (19 damage)
             ... on level 10 of the Dungeon.
             The game lasted 00:50:02 (12187 turns).

koil the Fighter (Ogre Cinder Acolyte)             Turns: 12187, Time: 00:50:03

HP:   -8/105 (117)  AC:  8    Str: 20    XL:     11   Next: 50%
MP:   23/31         EV: 10    Int: 19    God:    Ignis [*****.]
Gold: 578           SH:  0    Dex:  4    Spells: 15/25 levels left

rFire   + . .      SeeInvis .    a - +7 Throatcutter {drain, coup de grace}
rCold   . . .      Faith    .    (no shield)
rNeg    . . .      Spirit   .    p - +0 robe
rPois   .          Reflect  .    B - +0 hat
rElec   .          Harm     .    v - +0 cloak
rCorr   .          Rampage  .    (gloves unavailable)
Will    +....                    (boots unavailable)
Stlth   +.........               y - amulet of regeneration
HPRegen 1.17/turn                T - ring of magical power
MPRegen 0.22/turn                E - +4 ring of protection

@: heavily drained
A: large, unfitting armour, tough skin 1
a: Renounce Religion, Fiery Armour, Foxfire Swarm, Rising Flame


You were on level 10 of the Dungeon.
You worshipped Ignis.
Ignis was extremely pleased with you.
You visited 2 branches of the dungeon, and saw 11 of its levels.

You collected 743 gold pieces.
You spent 165 gold pieces at shops.

Inventory:

Hand Weapons
 a - the +7 Throatcutter (weapon) {drain, coup de grace}
   (You found it on level 3 of the Dungeon)

   A truly terrible weapon, it drains the life of any living foe it strikes.
   It may instantly kill foes which have little health.
 o - a +4 scimitar of flaming
 K - a +4 hand axe
Missiles
 k - 24 poisoned darts
 D - a throwing net
 H - 2 curare-tipped darts
Armour
 p - a +0 robe (worn)
 v - a +0 cloak (worn)
 B - a +0 hat (worn)
Magical Staves
 c - a staff of fire
Jewellery
 i - a ring of positive energy
 q - a ring of resist corrosion
 y - an amulet of regeneration (around neck)
 E - a +4 ring of protection (right hand)
 I - a ring of fire
 T - a ring of magical power (left hand)
Wands
 b - a wand of polymorph (5)
 d - a wand of light (11)
 j - a wand of mindburst (4)
Scrolls
 g - 2 scrolls of torment
 l - 2 scrolls of poison
 m - a scroll of vulnerability
 n - 3 scrolls of blinking
 w - a scroll of immolation
 x - a scroll of summoning
 A - a scroll of teleportation
 J - a scroll of butterflies
Potions
 e - a potion of might
 f - 2 potions of curing
 h - 2 potions of resistance
 r - a potion of heal wounds
 u - a potion of magic
 C - 2 potions of brilliance
 Q - a potion of cancellation
 Z - a potion of flight
Miscellaneous
 s - a piece from Xom's chessboard (15/15)


   Skills:
 + Level 10.0 Fighting
 + Level 5.9 Long Blades
 - Level 3.9 Axes
 + Level 6.3 Dodging
 + Level 7.8 Spellcasting
 + Level 6.1 Hexes
 + Level 7.0 Fire Magic
 + Level 3.9 Air Magic


You had 15 spell levels left.
You knew the following spells:

 Your Spells              Type           Power      Damage    Failure   Level
a - Scorch                Fire           68%        2d8       1%          2
b - Confusing Touch       Hex            30%        N/A       2%          3
c - Ensorcelled Hibernat  Hex/Ice        38%        N/A       4%          2
d - Swiftness             Air            22%        N/A       5%          3

Your spell library contained the following spells:

 Spells                   Type           Power      Damage    Failure   Level
 Slow                     Hex            100%       N/A       1%          1
 Inner Flame              Hex/Fire       32%        N/A       1%          3
 Tukima's Dance           Hex            30%        N/A       2%          3
 Shock                    Conj/Air       56%        1d6       4%          1
 Portal Projectile        Hex/Tloc       38%        N/A       8%          3
 Beastly Appendage        Tmut           14%        N/A       10%         1
 Vhi's Electric Charge    Tloc/Air       28%        N/A       12%         3
 Passwall                 Tmut/Erth      5%         N/A       14%         2
 Airstrike                Air            11%        2d(2-18)  19%         4
 Flame Wave               Conj/Fire      20%        2d7       22%         4
 Sticky Flame             Conj/Fire      20%        2d4       22%         4
 Ozocubu's Armour         Ice            7%         N/A       28%         3
 Vampiric Draining        Necr           7%         2d6       28%         3
 Animate Dead             Necr           7%         N/A       67%         4
 Petrify                  Tmut/Erth      7%         N/A       67%         4
 Arcjolt                  Conj/Air       7%         1d17      75%         5
 Blade Hands              Tmut           3%         N/A       95%         5
 Borgnjor's Vile Clutch   Necr/Erth      3%         N/A       95%         5
 Death Channel            Necr           3%         N/A       100%        6
 Malign Gateway           Summ/Tloc      3%         N/A       100%        7
 Ozocubu's Refrigeration  Ice            3%         4d8       100%        7
 Storm Form               Tmut/Air       7%         N/A       100%        7
 Maxwell's Capacitive Co  Air            11%        ∞         100%        8
 Summon Horrible Things   Summ           3%         N/A       100%        8


Dungeon Overview and Level Annotations

Branches:
Dungeon (10/15)            Temple (1/1) D:6            Lair (0/5) D:10
    Orc (0/2) D:9

Altars:
Ashenzari
Cheibriados
Dithmenos
Elyvilon
Fedhas
Gozag
Hepliaklqana
Kikubaaqudgha
Makhleb
Nemelex Xobeh
Okawaru
Qazlal
Ru
Sif Muna
Trog
Uskayaw
Vehumet
Wu Jian
Xom
Yredelemnul
Zin
The Shining One

Shops:
D:9 !


Innate Abilities, Weirdness & Mutations

You are too large for most types of armour.
You have tough skin. (AC +1)


Message History

An orc comes into view. It is wielding a +0 mace.
The gargoyle hurls a stone arrow at you.
The stone arrow hits you!!
* * * LOW HITPOINT WARNING * * *
You hit the gargoyle but do no damage.
The gargoyle is moderately damaged.
The gargoyle closely misses you. The orc attacks as you move away!
The orc barely misses you.
The gargoyle hurls a stone arrow at you.
The stone arrow hits you!
* * * LOW HITPOINT WARNING * * *
You feel much better.
Casting: Scorch (safe; 1% risk of failure)
Confirm with . or Enter, or press ? or * to list all spells.
Flames lash the gargoyle but do no damage.
The orc wizard gestures at you while chanting.
The puff of flame hits you. You resist. The gargoyle barely misses you.
The orc hits you but does no damage.
Unknown command.
Casting: Scorch (safe; 1% risk of failure)
Confirm with . or Enter, or press ? or * to list all spells.
Flames lash the orc.
You kill the orc!
The gargoyle hits you with a +0 morningstar!!
* * * LOW HITPOINT WARNING * * *
Unknown command.
Casting: Scorch (safe; 1% risk of failure)
Confirm with . or Enter, or press ? or * to list all spells.
Flames lash the orc wizard.
The orc wizard is severely wounded.
The orc wizard's fire resistance burns away.
The gargoyle hurls a stone arrow at you.
The stone arrow hits you!
* * * LOW HITPOINT WARNING * * *
Casting: Scorch (safe; 1% risk of failure)
Confirm with . or Enter, or press ? or * to list all spells.
Flames lash the orc wizard.
The orc wizard is burned terribly!
You kill the orc wizard!
The gargoyle hits you with a +0 morningstar!!
You die...

. #......#. .#......'
### '#......# ## #..
.......# .# #.# #......#
.# #.# #.o....# .#####.#
#.(....# .......#
#o9...# .......#
#@)...### .......####
#........
..........######......[.
........................
........................
........................
........#+#####+#######.
###.....# #.....#


You could see a gargoyle and 2 orcs.

Vanquished Creatures
  Erica (D:8)
  A two-headed ogre (D:7)
  The ghost of Muataran the Cleaver, a novice HOFi (D:7)
  A deep elf pyromancer (D:7)
  Joseph (D:7)
  An unseen horror (D:7)
  2 trolls
  Prince Ribbit (D:7)
  A wyvern (D:7)
  A steam dragon (D:7)
  2 acid dragons
  4 water moccasins
  2 ice beasts (D:5)
  3 sky beasts
  2 black bears
  2 orc warriors (D:9)
  4 ogres
  5 centaurs
  2 phantoms
  6 kobold brigands
  A gnoll sergeant (D:6)
  4 scorpions
  2 bullfrogs (D:7)
  16 wights
  6 killer bees (D:7)
  4 howler monkeys
  10 orc priests
  7 hounds
  3 jellies
  Crazy Yiuf (D:7)
  5 iguanas
  A gnoll bouda (D:8)
  16 orc wizards
  Robin (D:3)
  17 gnolls
  14 adders
  A shadow imp (D:5)
  3 ufetubi
  A worm (D:3)
  2 dart slugs
  39 orcs
  9 endoplasms
  2 giant cockroaches
  10 goblins
  7 hobgoblins
  6 jackals
  2 quokkas
  2 ball pythons
  4 bats
  A frilled lizard (D:1)
  31 kobolds
  4 rats
275 creatures vanquished.

Vanquished Creatures (others)
  2 withered plants (D:7)
2 creatures vanquished.

Grand Total: 277 creatures vanquished

Notes
Turn   | Place    | Note
-------+----------+-------------------------------------------
     0 | D:1      | koil the Ogre Cinder Acolyte began the quest for the Orb.
     0 | D:1      | Reached XP level 1. HP: 24/24 MP: 2/2
    78 | D:1      | Reached XP level 2. HP: 32/32 MP: 4/4
    81 | D:1      | Learned a level 2 spell: Scorch
   754 | D:2      | Reached XP level 3. HP: 40/40 MP: 0/5
   824 | D:2      | Reached skill level 1 in Dodging
  1120 | D:2      | Learned a level 3 spell: Confusing Touch
  1133 | D:2      | Reached XP level 4. HP: 49/49 MP: 2/7
  1729 | D:3      | Reached XP level 5. HP: 44/55 MP: 3/8
  1932 | D:3      | Reached skill level 1 in Hexes
  2217 | D:3      | Noticed Robin
  2233 | D:3      | Killed Robin
  2234 | D:3      | Reached skill level 5 in Fighting
  2394 | D:3      | Found the +7 Throatcutter {drain, coup de grace}
  2394 | D:3      | Noticed a kobold brigand
  2415 | D:3      | Killed a kobold brigand
  2416 | D:3      | Reached XP level 6. HP: 43/66 MP: 1/10
  3877 | D:5      | Entered Level 5 of the Dungeon
  3995 | D:5      | Noticed a black bear
  4001 | D:5      | Killed a black bear
  4002 | D:5      | Reached skill level 1 in Long Blades
  4002 | D:5      | Reached XP level 7. HP: 37/72 MP: 6/12
  4142 | D:5      | Got the Essays on Moulding
  4543 | D:5      | Reached skill level 6 in Fighting
  4702 | D:5      | Learned a level 2 spell: Ensorcelled Hibernation
  4824 | D:5      | Reached XP level 8. HP: 83/83 MP: 5/14
  5141 | D:6      | Found a shimmering altar of Xom.
  5350 | D:6      | Found a staircase to the Ecumenical Temple.
  5709 | D:6      | Reached skill level 7 in Fighting
  6060 | D:6      | Reached skill level 5 in Spellcasting
  6072 | D:6      | Reached skill level 5 in Fire Magic
  6072 | D:6      | Reached XP level 9. HP: 81/93 MP: 16/16
  6217 | D:6      | HP: 5/139 [poisoned by a gnoll sergeant]
  6222 | D:6      | HP: 3/93 [poisoned by a gnoll sergeant]
  6396 | Temple   | Entered the Ecumenical Temple
  6737 | D:6      | Learned a level 3 spell: Swiftness
  6921 | D:7      | Reached skill level 8 in Fighting
  7033 | D:7      | Noticed Prince Ribbit
  7040 | D:7      | Killed Prince Ribbit
  7116 | D:7      | Noticed Joseph
  7149 | D:7      | Killed Joseph
  7150 | D:7      | Reached skill level 5 in Dodging
  7150 | D:7      | Reached skill level 1 in Air Magic
  7150 | D:7      | Reached XP level 10. HP: 33/106 MP: 9/19
  7192 | D:7      | Noticed a two-headed ogre
  7207 | D:7      | Killed a two-headed ogre
  7331 | D:7      | Reached skill level 5 in Hexes
  7500 | D:8      | Noticed Erica
  7514 | D:8      | Killed Erica
  7515 | D:8      | Reached skill level 9 in Fighting
  7515 | D:8      | Reached skill level 5 in Long Blades
  7605 | D:7      | Noticed a deep elf pyromancer
  7617 | D:7      | Killed a deep elf pyromancer
  7633 | D:7      | Killed an unseen horror
  7729 | D:7      | Found a runed translucent door.
  7730 | D:7      | Noticed Crazy Yiuf
  8048 | D:7      | Found a runed translucent door.
  8048 | D:7      | Noticed Muataran's ghost (novice HOFi)
  8239 | D:7      | Killed Crazy Yiuf
  8363 | D:7      | Killed Muataran's ghost
  8364 | D:7      | Reached XP level 11. HP: 61/115 MP: 1/22
  9174 | D:8      | Found a glowing silver altar of Zin.
 10040 | D:9      | Found a staircase to the Orcish Mines.
 10319 | D:9      | Reached skill level 10 in Fighting
 10358 | D:9      | Found Ruqa's Distillery.
 10365 | D:9      | Bought a potion of flight for 45 gold pieces
 10365 | D:9      | Bought a potion of mutation for 120 gold pieces
 10765 | D:9      | Found Ruqa's Distillery.
 11084 | D:9      | Found a staircase to the Orcish Mines.
 11802 | D:10     | Entered Level 10 of the Dungeon
 11805 | D:10     | Found a staircase to the Lair.
 12187 | D:10     | Mangled by a gargoyle

Illustrated notes

Levels and vault maps discovered:
D:1:      minmay_arrival_up_and_down, layout_basic
D:2:      layout_rooms, hangedman_decor_riveting, minmay_distorted
D:3:      layout_loops_ring, chequers_serial_rivers_small_3,
          dilly_guarded_unrand_throatcut, uniq_robin
D:4:      layout_layer_cave
D:5:      layout_gridville
D:6:      minmay_chambers_of_threes, layout_basic, mainiacjoe_overflow_catwalk,
          minmay_temple_entry_antechambers
D:7:      cheibrodos_fzero, layout_loops_ring, gammafunk_ghost_grave,
          uniq_prince_ribbit1, uniq_crazy_yiuf_cottage, uniq_joseph
D:8:      layout_cave_pods, kennysheep_little_box, uniq_erica
D:9:      layout_basic, hiddenorc2_lemuel, serial_shops, shop
D:10:     layout_irregular_city, lair_entry_dummy, kennysheep_nub
Temple:   mainiacjoe_temple_cubbyholes

Skill      XL: |  1  2  3  4  5  6  7  8  9 10 11 |
---------------+----------------------------------+-----
Fire Magic     | 3 4 5 6 7 |  7.0
Dodging        | 1 2 3 4 5 6 |  6.3
Spellcasting   | 2 3 4 5 6 7 |  7.8
Hexes          | 1 2 3 4 5 6 |  6.1
Fighting       | 5 6 7 8 9 10 | 10.0
Long Blades    | 1 2 3 4 5 |  5.9
Air Magic      | 1 3 |  3.9
Axes           | |  3.9

Action                   |  1- 3 |  4- 6 |  7- 9 | 10-12 || total
-------------------------+-------+-------+-------+-------++-------
Melee: Hand axe          |    72 |    79 |       |       ||   151
       Punch             |       |     3 |       |     2 ||     5
       Long sword        |       |    50 |   179 |   320 ||   549
 Cast: Scorch            |     7 |    26 |    41 |    61 ||   135
       Ensorcelled Hiber |       |       |       |     2 ||     2
       Swiftness         |       |       |       |     1 ||     1
       Confusing Touch   |       |       |       |     1 ||     1
Invok: Fiery Armour      |       |     1 |       |       ||     1
Evoke: Wand              |       |       |       |     2 ||     2
  Use: Potion            |       |     2 |     7 |     2 ||    11
       Scroll            |       |     1 |    14 |     7 ||    22
Armor: Robe              |    30 |    49 |   100 |   121 ||   300
Dodge: Dodged            |    37 |    69 |   124 |   212 ||   442

Table legend: (Time is in decaauts)
 A = Elapsed time spent in this place.
 B = Non-inter-level travel time spent in this place.
 C = Inter-level travel time spent in this place.
 D = Time resting spent in this place.
 E = Time spent auto-exploring this place.
 F = Levels seen in this place.
 G = Mean time per level.
                   A        B        C        D        E       F      G
               +--------+--------+--------+--------+--------+-----+--------+
         Total |  12327 |  11771 |    556 |    762 |   8677 |  11 | 1120.6 |
       Dungeon |  11923 |  11392 |    531 |    732 |   8400 |  10 | 1192.3 |
        Temple |    404 |    379 |     25 |     30 |    277 |   1 |  404.0 |
               +--------+--------+--------+--------+--------+-----+--------+

Top non-repeatable levels by time:
     D:9: 2276 daAuts
     D:7: 1661 daAuts
     D:6: 1482 daAuts
     D:3: 1215 daAuts
     D:4: 1210 daAuts
     D:5: 1157 daAuts
     D:8: 1039 daAuts
     D:2: 770 daAuts
     D:1: 722 daAuts
  Temple: 404 daAuts
    D:10: 387 daAuts
